 Dungeon Crawl Stone Soup version 0.27-a0-249-g74f53ef629 (webtiles) character file.

Game seed: 7936290543029092812

108 Borgoz the Slasher (level 4, -2/38 HPs)
             Began as a Ghoul Gladiator on Feb 3, 2021.
             Slain by an orc
             ... wielding a +0 dagger
              (3 damage)
             ... on level 3 of the Dungeon.
             The game lasted 00:02:59 (2220 turns).

Borgoz the Slasher (Ghoul Gladiator)                Turns: 2220, Time: 00:03:00

Health: -2/38      AC:  8    Str: 17    XL:     4   Next: 87%
Magic:  3/3        EV: 12    Int:  3    God:
Gold:   79         SH:  0    Dex: 11    Spells: 3/3 levels left

rFire    . . .     SeeInvis .   a - +0 long sword
rCold    + . .     Faith    .   (no shield)
rNeg     + + +     Spirit   .   j - +0 ring mail
rPois    ∞         Reflect  .   c - +0 helmet
rElec    .         Harm     .   h - +0 cloak
rCorr    .         Rampage  .   k - +0 pair of gloves
Will     .....                  (no boots)
Stlth    +.........             p - amulet of the acrobat
HPRegen  0.00/turn              s - +4 ring of slaying
MPRegen  0.08/turn              (no ring)

@: no status effects
A: claws 1, cold resistance 1, negative energy resistance 3, inhibited
regeneration, torment resistance, unbreathing
a: no special abilities


You were on level 3 of the Dungeon.
You visited 1 branch of the dungeon, and saw 3 of its levels.

You collected 79 gold pieces.

Inventory:

Hand Weapons
 a - a +0 long sword (weapon)
 b - a +1 short sword of speed
Missiles
 d - 2 throwing nets (quivered)
Armour
 c - a +0 helmet (worn)
 h - a +0 cloak (worn)
 j - a +0 ring mail (worn)
 k - a +0 pair of gloves (worn)
Jewellery
 p - an amulet of the acrobat (around neck)
 s - a +4 ring of slaying (left hand)
Scrolls
 g - 3 scrolls of magic mapping
 m - 2 scrolls of random uselessness {unknown}
 n - a scroll of enchant weapon
 o - 3 scrolls of remove curse
Potions
 e - a potion of curing {unknown}
 l - a potion of ambrosia
 r - 2 potions of haste {unknown}


   Skills:
 + Level 3.1 Fighting
 * Level 3.7 Long Blades
 - Level 1.7 Throwing
 + Level 1.4 Armour
 + Level 3.2 Dodging


You had 3 spell levels left.
You didn't know any spells.
Your spell library was empty.

Dungeon Overview and Level Annotations

Branches:
Dungeon (3/15)

Altars:


Innate Abilities, Weirdness & Mutations

You thrive by killing the living.
You are immune to poison.
You have sharp fingernails.
Your flesh is cold resistant. (rC+)
You are immune to negative energy. (rN+++)
You do not regenerate when monsters are visible.
You are immune to unholy pain and torment.
You can survive without breathing.


Message History

The adder completely misses you.
The orc wizard hits you but does no damage.
The rat bites you but does no damage. The orc hits you but does no damage.
The adder barely misses you.
You slash the orc wizard!
The orc wizard is almost dead.
The adder bites you but does no damage.
The orc wizard gestures at you while chanting.
The puff of flame hits you.
* * * LOW HITPOINT WARNING * * *
The rat barely misses you. The orc completely misses you.
You riposte.
You hit the orc.
The orc is heavily wounded.
The adder closely misses you. The rat bites you but does no damage.
The orc wizard barely misses you.
You riposte.
You slash the orc wizard!
You kill the orc wizard!
You slash the adder!
The adder is severely wounded.
The orc hits you with a +0 dagger.
You die...

............
....#...... ..!?##
#...#...... #....#
#...#...... #....#
.......... #....#
#......... #....#
##)S)......
##....###..@o......
#..........r†####+#
#............#
#...<....###.$...
########## .....
...... ......
......


You could see an adder, an orc and a rat.

Vanquished Creatures
  An orc wizard (D:3)
  2 adders (D:2)
  A gnoll (D:1)
  A worm (D:2)
  2 dart slugs
  2 leopard geckos (D:2)
  3 orcs (D:3)
  2 giant cockroaches
  6 goblins
  3 hobgoblins (D:1)
  2 jackals (D:1)
  A quokka (D:2)
  9 bats
  5 frilled lizards
  4 kobolds
  3 rats
47 creatures vanquished.

Notes
Turn   | Place    | Note
-------+----------+-------------------------------------------
     0 | D:1      | Borgoz the Ghoul Gladiator began the quest for the Orb.
     0 | D:1      | Reached XP level 1. HP: 17/17 MP: 0/0
   123 | D:1      | Reached XP level 2. HP: 17/25 MP: 1/1
   473 | D:1      | HP: 1/25 [hobgoblin/+0 club (2)]
   978 | D:1      | Reached XP level 3. HP: 30/30 MP: 2/2
  1295 | D:2      | Reached skill level 1 in Armour
  1592 | D:2      | Reached XP level 4. HP: 28/37 MP: 3/3
  2219 | D:3      | HP: 1/38 [orc wizard/puff of flame (5)]
  2220 | D:3      | Slain by an orc

Illustrated notes

Levels and vault maps discovered:
D:1:      scummos_arrival_checkerplants, layout_basic
D:2:      layout_loops_ring, nicolae_overflow_hidden_temple,
          hangedman_abyss_or_decor_stabs
D:3:      layout_basic, chequers_ecumenical_altar_simple_redux

Skill      XL: |  1  2  3  4 |
---------------+-------------+-----
Long Blades    | 3 |  3.7
Dodging        | 3 |  3.2
Armour         | 1 |  1.4
Fighting       | 3 |  3.1
Throwing       | |  1.7

Action                   |  1- 3 |  4- 6 || total
-------------------------+-------+-------++-------
Melee: Long sword        |   104 |    25 ||   129
       Short sword       |       |    20 ||    20
Throw: Throwing net      |     1 |       ||     1
  Use: Scroll            |     4 |     2 ||     6
       Potion            |       |     1 ||     1
 Stab: Held in net/web   |     1 |       ||     1
Armor: Leather armour    |    27 |       ||    27
       Ring mail         |    24 |    37 ||    61
Dodge: Dodged            |    87 |    44 ||   131
       Rpst.: Long sword |    29 |     8 ||    37

Table legend: (Time is in decaauts)
 A = Elapsed time spent in this place.
 B = Non-inter-level travel time spent in this place.
 C = Inter-level travel time spent in this place.
 D = Time resting spent in this place.
 E = Time spent auto-exploring this place.
 F = Levels seen in this place.
 G = Mean time per level.
                   A        B        C        D        E       F      G
               +--------+--------+--------+--------+--------+-----+--------+
         Total |   2242 |   2173 |     69 |    504 |   1258 |   3 |  747.3 |
       Dungeon |   2242 |   2173 |     69 |    504 |   1258 |   3 |  747.3 |
               +--------+--------+--------+--------+--------+-----+--------+

Top non-repeatable levels by time:
     D:1: 1201 daAuts
     D:2: 1016 daAuts
     D:3: 25 daAuts
